A very harass-oriented LoTV PvZ. Designed to slow down ravager and lurker timings. Requires good warp prism control and multitasking. Not an all-in, you hit a timing, do damage, then expand and tech behind it.
14 | 0:19 | Pylon | Build in-base. Sim city for early ling defence |
15 | 0:39 | Gateway | |
17 | 0:51 | Assimilator | |
19 | 1:17 | Pylon | |
20 | 1:28 | Cybernetics Core | |
20 | 1:30 | Zealot | |
23 | 1:50 | Nexus | |
24 | 2:00 | Mothership Core, Warp Gate (Chrono Boost) | Chrono warp gate. @100% WG, chrono robo, forge or probes. |
25 | 2:28 | Pylon | Build in your natural for wall. The probe that builds it stays at your natural |
27 | 2:50 | Gateway x3 | Make the wall. The probe and the zealot block the hole till sentry is done |
27 | 2:53 | Sentry | The moment sentry is done - move out with MSC, zealot and probe |
36 | 3:32 | Robotics Facility | After prism is done, make immortals. |
39 | 3:54 | Assimilator | |
39 | 3:56 | Pylon | Proxy this pylon. Warp in rounds if zealots. Recall if you get surrounded. Focus on killing drones and queens. It's ok if proxy fails - load zealots into prism. |
39 | 3:59 | Forge | |
52 | 4:32 | Warp Prism (Chrono Boost) | Use prism to drop senties and zealots into main or natural. First you warp in 3 zealots and 1 sentry, load it into prism, then fly in and warp 4 more units. Hit the main and forcefield the ramp. |
70 | 6:15 | Assimilator x3, Nexus | Expand behind the attack, get w/e tech you want. , Get more gas behind the attack |